AoeStats
← Carple

Migration

506157948Analyzed
1v1 RM · 21d ago on Sep 12, 2026· 35m 16s· 2 players
Game mode
Random Map
Map size
132×132
Population
200
Speed
Normal
Resources
Standard
Victory
Conquest
Starting age
Dark Age
Ending age
Imperial Age
RankedLock teamsTeams togetherTeam positionsShared explorationLock speedFull tech treeHidden civsTurbo modeCheats
Victory
Defeat
🇺🇸 Celts · United States
1269
+17
🇨🇦 Spanish · Canada
1287
-17
JohnnyBoii6393
3:18 Loom
6:21 Loom
10:01 Feudal Age
10:40 Double-Bit Axe
12:22 Town Watch
14:44 Wheelbarrow
15:28 Fishing Lines
24:45 Castle Age
24:02 Gold Mining
26:15 Medium Warships
26:43 Bow Saw
28:08 Fletching
28:48 Forging
33:54 Imperial Age
32:02 Gold Shaft Mining
32:06 Stone Mining
32:55 Bodkin Arrow
33:36 Iron Casting
35:45 Chemistry
Carple
12:50 Feudal Age
11:47 Loom
13:22 Fishing Lines
13:40 Double-Bit Axe
21:36 Castle Age
21:21 Forging
21:45 Fletching
22:56 Medium Warships
23:06 Bodkin Arrow
27:05 Iron Casting
28:35 Wheelbarrow
31:36 Ballistics
35:37 Clinker Construction
35:38 Careening
Connection lost

Rejoining the realm…

Still unreachable

The connection could not be restored.

Session expired

The server has moved on; the page needs a fresh start.